 Dungeon Crawl Stone Soup version 0.29.0-4-gdea44cf6ec (webtiles) character file.

Game seed: 4048232820920554983

371 qw the Chopper (level 6, -1/37 HPs)
             Began as a Tengu Warper on Aug 29, 2022.
             Slain by a gnoll
             ... wielding a +0 spear
              (6 damage)
             ... on level 4 of the Dungeon.
             The game lasted 00:01:10 (4683 turns).

qw the Chopper (Tengu Warper)                       Turns: 4683, Time: 00:01:11

Health: -1/37      AC:  5    Str: 14    XL:     6   Next: 70%
Magic:  10/10      EV: 13    Int: 13    God:
Gold:   912        SH:  0    Dex: 16    Spells: 9/9 levels left

rFire   . . .      SeeInvis +   Y - +0 war axe
rCold   x . .      Faith    .   (no shield)
rNeg    + . .      Spirit   .   m - +0 ring mail
rPois   +          Reflect  .   (helmet restricted)
rElec   .          Harm     .   (no cloak)
rCorr   .          Rampage  .   (no gloves)
Will    +....                   (boots unavailable)
Stlth   +.........              j - amulet of the acrobat
HPRegen 0.12/turn               g - ring of see invisible
MPRegen 0.12/turn               n - ring of Finku {rPois rC- rN+ Will+ Dex+3}

@: flying quickly and evasively, quick
A: beak, talons 3, nimble flight
a: no special abilities


You were on level 4 of the Dungeon.
You visited 1 branch of the dungeon, and saw 4 of its levels.

You collected 912 gold pieces.


Innate Abilities, Weirdness & Mutations

You have a beak for a mouth.
You have claws for feet.
Your magical nature lets you fly swiftly and evasively.


   Skills:
 - Level 3.0 Fighting
 - Level 7.0 Axes
 - Level 1.0 Throwing
 - Level 1.1 Armour
 + Level 2.5 Dodging
 - Level 2.0 Spellcasting
 - Level 2.4 Translocations


You had 9 spell levels left.
You didn't know any spells.
Your spell library contained the following spells:

 Spells                   Type           Power      Damage    Failure   Level
 Blink                    Tloc           14%        N/A       30%         2
 Gell's Gravitas          Tloc           7%         N/A       52%         3
 Lesser Beckoning         Tloc           7%         N/A       52%         3
 Teleport Other           Tloc           7%         N/A       52%         3
 Manifold Assault         Tloc           7%         N/A       99%         5

Inventory:

Hand Weapons
 c - a +0 flail
 Y - a +0 war axe (weapon)
Armour
 m - a +0 ring mail (worn)
 o - a +0 leather armour of fire resistance
Jewellery
 g - a ring of see invisible (left hand)
 j - an amulet of the acrobat (around neck)
 n - the ring of Finku (right hand) {rPois rC- rN+ Will+ Dex+3}
   (You found it on level 3 of the Dungeon)

   [ring of positive energy]

   Dex:       It affects your dexterity (+3).
   rC:        It makes you vulnerable to cold.
   rPois:     It protects you from poison.
   rN:        It protects you from negative energy.
   Will:      It increases your willpower.
Scrolls
 i - 2 scrolls of teleportation
 k - 2 scrolls of identify
Potions
 a - a potion of degeneration {unknown}
 b - a potion of flight {unknown}
 d - a potion of lignification {unknown}
 e - a potion of berserk rage {unknown}
 f - a potion of magic {unknown}
 h - a potion of curing {unknown}
 l - a potion of mutation {unknown}

Dungeon Overview and Level Annotations

Branches:
Dungeon (4/15)
 Temple: D:4-7

Altars:
Xom


Message History

You kill the orc!
Things that are here:
a +0 club; an orc corpse
Found a scroll of blinking.
Enter note:
Enter note:
Enter note:
Enter note:
Enter note: You see here a scroll of blinking.
There is a shaft here.
You now have 912 gold pieces (gained 3).
You see here a +0 robe. 2 gnolls come into view.
The gnoll shouts! x2; You hear a shout!
A gnoll comes into view. It is wielding a +0 club.
4674 ||| Stepping ~*~*~tactically~*~*~ (hiding).
4675 ||| Stepping ~*~*~tactically~*~*~ (hiding).
4676 ||| Stepping ~*~*~tactically~*~*~ (hiding).
You start waiting.
There are monsters nearby!
4678 ||| Stepping ~*~*~tactically~*~*~ (hiding).
The gnoll misses you.
The gnoll throws a javelin.
The javelin completely misses you. The gnoll misses you.
The gnoll barely misses you.
You hit the gnoll. You peck the gnoll.
The gnoll is heavily wounded.
You slash the gnoll! The gnoll hits you with a +3 spear!
The gnoll hits you with a +0 club.
The gnoll hits you from afar with a +0 spear!
You hit the gnoll but do no damage. You peck the gnoll.
The gnoll is severely wounded.
You hit the gnoll.
You kill the gnoll!
The gnoll hits you with a +3 spear. The gnoll hits you but does no damage.
You closely miss the gnoll. You claw the gnoll.
The gnoll is severely wounded.
The gnoll hits you with a +3 spear!
The gnoll hits you from afar with a +0 spear.
You die...

..# #..## #. #.#
##..# #.. #.#
##.####.... #.#
#......##. #.#
#..%.####. #.#
##%### ## ##.# #.?#
...###gg### ##..#
#......)@.#####..##
###...###........##
#... ##........##
#.g #........># #..
##........## ..
#........## # #.g
##........# ###
..........## ####..
...........[###..##.


You could see 2 gnolls.

Vanquished Creatures
  A scorpion (D:4)
  A jelly (D:4)
  2 orc priests
  A hound (D:4)
  4 gnolls
  4 adders
  3 river rats (D:3)
  An ufetubus (D:3)
  2 worms
  3 dart slugs
  6 orcs
  3 endoplasms
  11 goblins
  5 hobgoblins
  4 jackals (D:4)
  3 quokkas (D:1)
  10 ball pythons
  2 bats
  2 frilled lizards
  10 kobolds
  4 rats
82 creatures vanquished.

Notes
Turn   | Place    | Note
-------+----------+-------------------------------------------
     0 | D:1      | qw the Tengu Warper began the quest for the Orb.
     0 | D:1      | Reached XP level 1. HP: 12/12 MP: 4/4
     0 | D:1      | 0 ||| qw: Version: 0.1-a-89-g26bdef1
     0 | D:1      | 0 ||| qw: Game counter: 3598
     0 | D:1      | 0 ||| qw: Always use a shield: true
     0 | D:1      | 0 ||| qw: God list: Okawaru
     0 | D:1      | 0 ||| qw: Allow faded altars: false
     0 | D:1      | 0 ||| qw: Do Orc after D:15 true
     0 | D:1      | 0 ||| qw: Do second Lair branch before Depths: true
     0 | D:1      | 0 ||| qw: Lair rune preference: random
     0 | D:1      | 0 ||| qw: Plans: Normal
     0 | D:1      | 0 ||| PLANNING D:1-11
   110 | D:1      | Found a faded altar of an unknown god.
   150 | D:1      | 150 ||| SWAPPING to +0 war axe.
   151 | D:1      | 151 ||| DROPPING +0 hand axe.
   408 | D:1      | 408 ||| Stepping ~*~*~tactically~*~*~ (stealth).
   416 | D:1      | Reached XP level 2. HP: 16/17 MP: 6/6
   448 | D:1      | Reached skill level 3 in Axes
   450 | D:1      | 450 ||| Stepping ~*~*~tactically~*~*~ (stealth).
   452 | D:1      | 452 ||| Stepping ~*~*~tactically~*~*~ (stealth).
   617 | D:1      | 617 ||| Stepping ~*~*~tactically~*~*~ (hiding).
   631 | D:1      | HP: 4/17 [kobold/+0 dagger (2)]
   974 | D:1      | 974 ||| DROPPING +0 club.
  1235 | D:1      | 1235 ||| DROPPING scarf of harm.
  1236 | D:1      | 1236 ||| UPGRADING to +0 ring mail.
  1246 | D:1      | 1246 ||| DROPPING +0 leather armour.
  1247 | D:1      | 1247 ||| UPGRADING to amulet of the acrobat.
  1252 | D:1      | 1252 ||| READING scroll labelled COGUECO UXOQ.
  1253 | D:1      | 1253 ||| READING scroll labelled RETOOL ECZUDA.
  1253 | D:1      | Identified a scroll of acquirement
  1253 | D:1      | 1253 ||| ACQUIRING 759 gold pieces
  1253 | D:1      | Acquired 759 gold pieces
  1255 | D:1      | 1255 ||| READING scroll labelled VEKAOW CIMN.
  1256 | D:1      | 1256 ||| READING scroll labelled WEXKUTO ABEVA.
  1260 | D:1      | 1260 ||| DROPPING scroll of blinking.
  1385 | D:2      | 1385 ||| Stepping ~*~*~tactically~*~*~ (hiding).
  1396 | D:2      | Reached XP level 3. HP: 18/21 MP: 7/7
  1528 | D:2      | Reached skill level 4 in Axes
  1827 | D:2      | Found a shimmering altar of Xom.
  1828 | D:2      | 1828 ||| FLEEEEING.
  1829 | D:2      | 1829 ||| FLEEEEING.
  1830 | D:2      | 1830 ||| FLEEEEING.
  1831 | D:2      | 1831 ||| FLEEEEING.
  1832 | D:2      | 1832 ||| FLEEEEING.
  1833 | D:2      | 1833 ||| FLEEEEING.
  1834 | D:2      | 1834 ||| FLEEEEING.
  1835 | D:2      | 1835 ||| FLEEEEING.
  1836 | D:2      | 1836 ||| FLEEEEING.
  1837 | D:2      | 1837 ||| FLEEEEING.
  1838 | D:2      | 1838 ||| FLEEEEING.
  1844 | D:2      | 1844 ||| FLEEEEING.
  1845 | D:2      | 1845 ||| FLEEEEING.
  1846 | D:2      | 1846 ||| FLEEEEING.
  1847 | D:2      | 1847 ||| FLEEEEING.
  1848 | D:2      | 1848 ||| FLEEEEING.
  1849 | D:2      | 1849 ||| FLEEEEING.
  1850 | D:2      | 1850 ||| FLEEEEING.
  1851 | D:2      | 1851 ||| FLEEEEING.
  1852 | D:2      | 1852 ||| FLEEEEING.
  1853 | D:2      | 1853 ||| FLEEEEING.
  1854 | D:2      | 1854 ||| FLEEEEING.
  1855 | D:2      | 1855 ||| FLEEEEING.
  1856 | D:2      | 1856 ||| FLEEEEING.
  1857 | D:2      | 1857 ||| FLEEEEING.
  1858 | D:2      | 1858 ||| FLEEEEING.
  1859 | D:2      | 1859 ||| FLEEEEING.
  1860 | D:2      | 1860 ||| FLEEEEING.
  1861 | D:2      | 1861 ||| FLEEEEING.
  1862 | D:2      | 1862 ||| FLEEEEING.
  1863 | D:2      | 1863 ||| FLEEEEING.
  1864 | D:2      | 1864 ||| FLEEEEING.
  1865 | D:2      | 1865 ||| FLEEEEING.
  1871 | D:2      | 1871 ||| FLEEEEING.
  1872 | D:2      | 1872 ||| FLEEEEING.
  1873 | D:2      | 1873 ||| FLEEEEING.
  1874 | D:2      | 1874 ||| FLEEEEING.
  1875 | D:2      | 1875 ||| FLEEEEING.
  1876 | D:2      | 1876 ||| FLEEEEING.
  1877 | D:2      | 1877 ||| FLEEEEING.
  1878 | D:2      | 1878 ||| FLEEEEING.
  1890 | D:2      | 1890 ||| FLEEEEING.
  1891 | D:2      | 1891 ||| FLEEEEING.
  1892 | D:2      | 1892 ||| FLEEEEING.
  1904 | D:2      | 1904 ||| Stepping ~*~*~tactically~*~*~ (hiding).
  2269 | D:2      | 2269 ||| UPGRADING to ring of see invisible.
  2270 | D:2      | 2270 ||| READING scroll labelled MYSOUFRA BAFOPS.
  2271 | D:2      | 2271 ||| READING scroll labelled DORROW HEAWN.
  2272 | D:2      | 2272 ||| READING scroll labelled VEEH BESUROLL.
  2273 | D:2      | 2273 ||| READING scroll labelled AQEHUBUANO.
  2274 | D:2      | 2274 ||| READING scroll of teleportation.
  2296 | D:3      | 2296 ||| PLANNING SEWER
  2375 | D:3      | Reached XP level 4. HP: 26/26 MP: 8/8
  2378 | D:3      | HP: 5/26 [gnoll/+0 flail (7)]
  2380 | D:3      | Reached skill level 5 in Axes
  2637 | D:3      | 2637 ||| DROPPING +0 whip.
  2897 | D:3      | 2897 ||| RIP SEWER
  2949 | D:3      | Identified the ring of Finku {rPois rC- rN+ Will+ Dex+3}
  2951 | D:3      | 2951 ||| PLANNING D:1-11
  3095 | D:3      | Gained mutation: Your magical nature lets you fly swiftly
                  | and evasively. [Tengu growth]
  3095 | D:3      | Reached XP level 5. HP: 9/30 MP: 9/9
  3474 | D:3      | Reached skill level 6 in Axes
  3734 | D:3      | 3734 ||| Stepping ~*~*~tactically~*~*~ (stealth).
  3736 | D:3      | 3736 ||| Stepping ~*~*~tactically~*~*~ (stealth).
  3797 | D:3      | 3797 ||| UPGRADING to ring of Finku {rPois rC- rN+ Will+
                  | Dex+3}.
  3798 | D:3      | 3798 ||| READING scroll labelled HYPOIF TUSUOKUMEEG.
  3851 | D:4      | 3851 ||| STAIRDANCE
  3895 | D:4      | 3895 ||| STAIRDANCE
  3993 | D:4      | Reached skill level 7 in Axes
  3993 | D:4      | Reached XP level 6. HP: 35/35 MP: 10/10
  4003 | D:4      | 4003 ||| Stepping ~*~*~tactically~*~*~ (stealth).
  4004 | D:4      | 4004 ||| Stepping ~*~*~tactically~*~*~ (stealth).
  4015 | D:4      | 4015 ||| Stepping ~*~*~tactically~*~*~ (stealth).
  4080 | D:4      | 4080 ||| FLEEEEING.
  4081 | D:4      | 4081 ||| FLEEEEING.
  4082 | D:4      | 4082 ||| FLEEEEING.
  4100 | D:4      | 4100 ||| FLEEEEING.
  4101 | D:4      | 4101 ||| FLEEEEING.
  4102 | D:4      | 4102 ||| FLEEEEING.
  4103 | D:4      | 4103 ||| STAIRDANCE
  4280 | D:4      | Reached skill level 3 in Fighting
  4674 | D:4      | 4674 ||| Stepping ~*~*~tactically~*~*~ (hiding).
  4675 | D:4      | 4675 ||| Stepping ~*~*~tactically~*~*~ (hiding).
  4676 | D:4      | 4676 ||| Stepping ~*~*~tactically~*~*~ (hiding).
  4678 | D:4      | 4678 ||| Stepping ~*~*~tactically~*~*~ (hiding).
  4683 | D:4      | HP: 5/37 [gnoll/+3 spear (10)]
  4683 | D:4      | Slain by a gnoll

Levels and vault maps discovered:
D:1:      heliophobic_arrival_enchanted_forest, layout_basic,
          ebering_ecumenical_altar_box, interstate_on_off,
          minmay_misc_feat_square, chequers_serial_rivers_small_b
D:2:      layout_basic, basic_altar, nrook_mini_vaults
D:3:      minmay_door_path, layout_loops_ring, lightli_sewer_entry_pipes
D:4:      layout_layer_cave, dk_xom_monty_hall, minmay_temple_entry_fiery,
          kennysheep_another_room, chequers_serial_rivers_micro_e

Skill      XL: |  1  2  3  4  5  6 |
---------------+-------------------+-----
Axes           | 3 4 5 7 |  7.0
Fighting       | 3 |  3.0
Throwing       | |  1.0
Armour         | |  1.1
Dodging        | |  2.5
Spellcasting   | |  2.0
Translocations | |  2.4

Action                   |  1- 3 |  4- 6 || total
-------------------------+-------+-------++-------
Melee: War axe           |    76 |    93 ||   169
       Kick              |    18 |    24 ||    42
       Peck              |     9 |    16 ||    25
       Punch             |       |     1 ||     1
Throw: Boomerang         |     7 |       ||     7
  Use: Scroll            |     9 |     1 ||    10
Armor: Leather armour    |    12 |       ||    12
       Ring mail         |    12 |    19 ||    31
Dodge: Dodged            |    48 |    58 ||   106

Table legend:
 A = Non-vault XP
 B = Vault XP
 C = Vault XP percentage of total XP
 D = Non-vault monster count
 E = Vault monster count
 F = Vault count percentage of total count
                 A         B        C        D         E       F
            +---------+---------+-------+---------+---------+-------
      Total |     463 |      67 |  12.6 |      71 |      11 |  13.4
            +---------+---------+-------+---------+---------+-------
        D:1 |      31 |       0 |   0.0 |      19 |       0 |   0.0
        D:2 |      41 |       0 |   0.0 |      14 |       0 |   0.0
        D:3 |     132 |      67 |  33.7 |      20 |      11 |  35.5
        D:4 |     259 |       0 |   0.0 |      18 |       0 |   0.0
            +---------+---------+-------+---------+---------+-------
